AoeStats
← djlovve

Arabia

510248209Analyzed
1v1 RM · 7h ago on Sep 30, 2026· 37m 43s· 2 players
Game mode
Random Map
Map size
Tiny (2 player)
Population
200
Speed
Normal
Resources
Standard
Victory
Conquest
Starting age
Dark Age
Ending age
Imperial Age
RankedLock teamsTeams togetherTeam positionsShared explorationLock speedFull tech treeHidden civsTurbo modeCheats
Victory
Defeat
🇬🇧 Malians · United Kingdom
1031
+14
🇲🇽 Varangians · Mexico
998
-28
El Gordo Puto
6:52 Loom
10:16 Feudal Age
11:01 Double-Bit Axe
16:09 Bloodlines
18:47 Horse Collar
22:01 Scale Barding Armor
27:21 Castle Age
25:49 Scale Mail Armor
28:09 Husbandry
28:32 Light Cavalry
28:54 Elite Skirmisher
29:55 Bow Saw
31:41 Chain Barding Armor
33:54 Padded Archer Armor
djlovve
5:10 Loom
8:29 Feudal Age
11:02 Double-Bit Axe
13:57 Fletching
18:37 Horse Collar
22:08 Castle Age
23:00 Thumb Ring
24:26 Bodkin Arrow
24:34 Padded Archer Armor
25:46 Wheelbarrow
26:20 Ballistics
31:52 Town Watch
35:37 Imperial Age
33:21 Pikeman
Connection lost

Rejoining the realm…

Still unreachable

The connection could not be restored.

Session expired

The server has moved on; the page needs a fresh start.